lilith, chaotic female human Rogue ------------ |.<........| |..........| ----------- --------------------- ---.----+--- ................................| ## |.------------.....------------.| # # |.|.!)|...|%!|...).|..|(((|...|.| #### |.|%??|...|%%|.....-..|(((|...|.| --------- ## ..|?[[|...|.%|.....|..|...|...|.| ........| `## |.|...|...|%--.....----|----|--.| |.......| -.--|---- |.-|---|---.....................| |.......| |.......| |.......@D....{......{..........| ##........| |.......| |.--|---|--....-|----...........| # |>......| |.......| |.|...|.+.|---.|....|.----|----.| ### --------- |.......|## |.|(((|...|..-.|....|.|..|... |.|# # |........#### |.|(=.|...|..|.|.._.|.-..|....|..####### --------- # |.|(((|...|..|.|....|.|..|....|.|# ######-.------------.------.---------.| |...............................| --------------------------------- lilith the Rogue Experience level: 8 Strength: 17 Dexterity: 18 Constitution: 16 Intelligence: 10 Wisdom: 13 Charisma: 9 Health: 0(50) Energy: 41(41) Def: 12 Gold: 116 Moves: 8493 Dungeon seed: Bx4iYsS1GqTSHmmW Game ID: lilith_1519677113 Your Inventory: Coins $ - 116 gold pieces Weapons a - an uncursed +1 dagger named +1 (weapon in hand) b - 14 uncursed +0 daggers (in quiver) c - an uncursed +0 worm tooth j - an uncursed +0 dagger named Biter t - 33 uncursed +0 darts v - 3 cursed -3 daggers w - 4 cursed -1 daggers J - a cursed +0 dagger Armor d - an uncursed +0 Uruk-hai shield e - an uncursed +0 dwarvish cloak n - an uncursed +0 dwarvish mithril-coat (being worn) q - an uncursed +0 dwarvish iron helm (being worn) r - an uncursed +0 dwarvish roundshield (being worn) A - an uncursed +0 mummy wrapping (being worn) E - a blessed +4 dwarvish cloak W - an uncursed +0 pair of iron shoes (being worn) Comestibles i - 3 uncursed tripe rations X - an uncursed egg Wands s - an uncursed wand of light (0:2) L - an uncursed wand of digging (0:6) Tools k - an uncursed skeleton key B - an uncursed sack F - an uncursed skeleton key K - an uncursed leash V - a cursed tallow candle (0:200) Z - 17 uncursed tallow candles (0:200) Gems H - an uncursed chrysoberyl stone M - an uncursed jasper stone Q - an uncursed worthless piece of yellowish brown glass S - an uncursed agate stone Contents of the sack: 619 gold pieces a blessed scroll of enchant weapon an uncursed scroll of enchant weapon an uncursed scroll of fire a cursed scroll of light a blessed scroll of stinking cloud an uncursed scroll of teleportation a blessed potion of object detection named black (obj det?) an uncursed ring of polymorph control an uncursed +0 pick-axe an uncursed +0 pick-axe named nc 5 uncursed tallow candles (0:200) an uncursed tin whistle 4 uncursed wax candles (0:400) Spells and supernatural/magical abilities: Name Level Category Fail Memory W - pray for help -- divine ? -- Your skills at the end: Fighting Skills Weapon Skills dagger [Expert] short sword [Basic] Spellcasting Skills Final Attributes: You were piously aligned. You were hallucinating. You were telepathic. You were visible. You were stealthy. You were lucky. You are dead. Vanquished creatures: 2 long worms a warg a small mimic a quantum mechanic a wood golem 2 flaming spheres a tengu a stone giant a human mummy a quivering blob 2 lynxes 2 leprechauns a giant spider 2 black lights a gnome king an orc mummy a dwarf mummy a jaguar a dwarf lord a dust vortex a rope golem a soldier ant a fire ant 2 wood nymphs 4 Uruk-hai an orc shaman a rock piercer 3 ponies a fog cloud 2 yellow lights a shrieker 10 gnome lords 5 gnomish wizards 2 kobold mummies a golden naga hatchling 3 elf zombies a straw golem a baby crocodile 3 giant ants 2 little dogs a floating eye 18 dwarves a kobold lord 3 rothes 2 monkeys 4 iguanas 3 acid blobs 6 hobbits a large kobold 2 cave spiders a brown mold 2 yellow molds 56 gnomes 4 geckos 3 jackals a fox 2 kobolds 2 sewer rats 6 grid bugs a bat 2 lichens 2 kobold zombies 5 newts and a partridge in a pear tree 199 creatures vanquished. Voluntary challenges: You had been an atheist until turn 3975. You used a wielded weapon 296 times, starting on turn 315. You read items or engraved 28 times, starting on turn 320. You never genocided any monsters. You never polymorphed an object. You never changed form. You used no wishes. You never split a pudding. You wrote Elbereth's name 20 times, starting on turn 322. You never violated your personal moral code. Dungeon overview: The Dungeons of Doom: levels 1 to 5 Level 1 a long staircase Level 2 Level 3 a scroll shop Level 4 a fountain stairs to The Gnomish Mines Level 5 The Gnomish Mines: levels 5 to 11 Level 5 (STASH) stairs to The Dungeons of Doom Level 6 Level 7 Level 8 <- You were here many shops, a temple to Issek, some fountains Level 9 Level 10 Level 11 History has recorded: On T:1 you entered the Dungeons of Doom to retrieve the Amulet of Yendor! On T:110 you reached level 2 of The Dungeons of Doom. On T:495 you reached level 3 of The Dungeons of Doom. On T:843 you advanced to experience level 2. On T:846 you reached level 4 of The Dungeons of Doom. On T:996 you reached level 1 of The Gnomish Mines. On T:1004 you advanced to experience level 3. On T:1271 you advanced to experience level 4. On T:1305 you reached level 2 of The Gnomish Mines. On T:1673 you advanced to experience level 5. On T:2584 you advanced to experience level 6. On T:2722 you reached level 3 of The Gnomish Mines. On T:3211 you reached level 4 of The Gnomish Mines. On T:3887 you advanced to experience level 7. On T:4315 you reached level 5 of The Gnomish Mines. On T:4548 you reached level 6 of The Gnomish Mines. On T:5093 you reached level 7 of The Gnomish Mines. On T:6083 you reached level 5 of The Dungeons of Doom. On T:6719 you advanced to experience level 8. Score breakdown: Gold: 735 ( 9752 points) Experience: 8 levels (14739 points) Exploration: 11 levels ( 22.45%) (13693 points) Discoveries: 11 items ( 3.69%) ( 5763 points) Valuables value: (no points given unless you survive) Artifact value: 0 ( 0 points) Variety of kills: 63 monsters ( 16.54%) (12199 points) Turncount: 8493 turns (-2137 points) Survival: died (score multiplied by 80%) Total score: 43207 Latest messages: The white dragon misses. The ice devil hits! You hit the killer bee! The master mind flayer misses. The manes hits! The sleazoid hits! You hit the kobold zombie! The straw golem hits! The giant ant misses. The large kobold misses. The water nymph misses. The ghoul just misses! You hit the beholder! The tengu misses. The hobgoblin misses. The pit viper hits! You hit the red mold! The baby yellow dragon hits! The black light hits! You miss the fire vortex. The youma hits! You die... Final status: Goodbye lilith the Rogue, killed by a hallucinogen-distorted succubus... You died in The Gnomish Mines on dungeon level 8 with 43207 points, and 735 pieces of gold, after 8493 moves. You were level 8 with a maximum of 50 hit points when you died.